 Dungeon Crawl Stone Soup version 0.26.1-2-gb8aa6d0cf2 (webtiles) character file.

Game seed: 14428135272301100340

458 axecop the Sneak (level 7, 0/62 HPs)
             Began as a Naga Delver on Mar 6, 2021.
             Killed from afar by a white imp (4 damage)
             ... with a puff of frost
             ... summoned by Eustachio
             ... on level 3 of the Dungeon.
             The game lasted 00:06:48 (3668 turns).

axecop the Sneak (Naga Delver)                      Turns: 3668, Time: 00:06:49

Health: 0/62       AC:  4    Str: 15 (16) XL:     7   Next: 6%
Magic:  9/9        EV: 24    Int: 10 (11) God:
Gold:   119        SH:  0    Dex:  9 (12) Spells: 9/9 levels left

rFire    + . .     SeeInvis +   a - +0 scimitar
rCold    + . .     Faith    .   (no shield)
rNeg     . . .     Spirit   .   b - +1 leather armour
rPois    +         Reflect  .   (no helmet)
rElec    +         Harm     .   (no cloak)
rCorr    +         Rampage  .   (no gloves)
Will     .....                  (no barding)
Stlth    +++.......             q - amulet of the acrobat
HPRegen  0.20/turn              (no ring)
MPRegen  0.11/turn              (no ring)

@: about to teleport, resistant, acrobat, hasted, quick
A: large, see invisible, deformed body, poison resistance, slowness 2, spit
poison 1, AC +2
a: Spit Poison


You were on level 3 of the Dungeon.
You visited 1 branch of the dungeon, and saw 5 of its levels.

You collected 119 gold pieces.

Inventory:

Hand Weapons
 a - a +0 scimitar (weapon)
 h - a +0 mace
Missiles
 p - 7 datura-tipped darts
 t - 2 throwing nets
Armour
 b - a +1 leather armour (worn)
 k - a +0 chain mail of fire resistance
Jewellery
 q - an amulet of the acrobat (around neck)
Wands
 g - a wand of digging (3)
 i - a wand of paralysis (3)
Scrolls
 c - 2 scrolls of fog
 d - a scroll of magic mapping
 e - a scroll of fear
 n - 2 scrolls of identify
 r - 3 scrolls of immolation {unknown}
 s - a scroll of enchant weapon {unknown}
Potions
 f - a potion of haste
 u - a potion of mutation {unknown}
 v - a potion of lignification {unknown}
 w - a potion of attraction {unknown}


   Skills:
 + Level 3.0 Fighting
 + Level 6.4 Long Blades
 - Level 2.0 Maces & Flails
 + Level 1.5 Dodging
 - Level 7.4 Stealth
 + Level 1.9 Spellcasting


You had 9 spell levels left.
You didn't know any spells.
Your spell library contained the following spells:

 Spells                   Type           Power        Failure   Level
 Beastly Appendage        Tmut           0%           36%         1
 Wereblood                Tmut           0%           52%         2
 Spider Form              Tmut/Pois      0%           75%         3
 Ice Form                 Ice/Tmut       0%           98%         4
 Blade Hands              Tmut           0%           100%        5


Dungeon Overview and Level Annotations

Branches:
Dungeon (5/15)
 Temple: D:4-7

Altars:
Ashenzari
Dithmenos
Fedhas
Nemelex Xobeh
Sif Muna
Uskayaw
Wu Jian
Yredelemnul
The Shining One

Annotations:
D:3 1 runed translucent door, 2 transporters, Eustachio; ew1980's ghost, amateur DrTm
D:4 Menkaure
D:5 Dowan, Duvessa


Innate Abilities, Weirdness & Mutations

You cannot wear boots.
Your serpentine skin is tough. (AC +2)
You have supernaturally acute eyesight. (SInv)
Armour fits poorly on your strangely shaped body.
Your system is resistant to poisons. (rPois)
You cover ground very slowly.
You can spit poison.


Message History

* * * LOW HITPOINT WARNING * * *
Unknown command.
You feel better.
It was a potion of degeneration.
There was something very wrong with that liquid.
You feel weakened.
You feel dopey.
You feel clumsy.
The crimson imp blinks!
It was a potion of resistance.
You feel protected.
Eustachio casts a spell.
Eustachio blinks!
The white imp hits you.
* * * LOW HITPOINT WARNING * * *
The white imp freezes you. You resist.
* * * LOW HITPOINT WARNING * * *
The crimson imp blinks!
As you read the scroll of teleportation, it crumbles to dust.
You feel strangely unstable. The white imp gestures at you.
The puff of frost hits you. You resist.
You die...

##.##.###.#....§....b.>..5.......
#....................§.###.......
#..##.#.##..#.#....###.# ##.##...
.........#..#.#.#..###.# #.##...
...............@.......## #......
..........#####.5.#####.####.....
.........##...##5##...##.# #.....
.....##..#.8.8.#.#.8.8.#.# #.....
...####..#.._..#@#.._..#.# #.....
...# #..#.8...#)#...8.#.#######.
..## #..##...'#.#'...##.........
..## #^..#####...#####.#########
...# ##........⌠.....†..#######.
...# ##.#####...#####........#.
...#####.##...'#.#'...########.#.
...+.....#.8...#.#...8.##.......†
...####..#.._..#.#.._..##........


You could see Eustachio, a white imp (summoned) and an ufetubus (summoned).

Vanquished Creatures
  The ghost of coolio the Skirmisher, a weakling DsFi (D:4)
  A howler monkey (D:4)
  2 orc priests (D:3)
  An iguana (D:4)
  Terence (D:3)
  2 worker ants
  4 gnolls (D:2)
  A howler monkey skeleton (D:4)
  6 adders
  A white imp (D:2)
  An ooze (D:3)
  A worm (D:3)
  7 dart slugs
  2 leopard geckos (D:2)
  8 orcs (D:3)
  9 bats
  4 giant cockroaches
  8 goblins
  4 hobgoblins
  3 quokkas
  4 ball pythons
  5 frilled lizards
  8 kobolds
  A quokka skeleton (D:3)
  7 rats
92 creatures vanquished.

Vanquished Creatures (others)
  12 plants (D:4)
12 creatures vanquished.

Grand Total: 104 creatures vanquished

Notes
Turn   | Place    | Note
-------+----------+-------------------------------------------
     0 | D:5      | axecop the Naga Delver began the quest for the Orb.
     0 | D:5      | Reached XP level 1. HP: 21/21 MP: 1/1
    59 | D:4      | Found a runed translucent door.
    65 | D:4      | Noticed coolio's ghost (weakling DsFi)
   109 | D:4      | Reached skill level 1 in Long Blades
   109 | D:4      | Reached XP level 2. HP: 24/28 MP: 2/2
   114 | D:4      | Killed coolio's ghost
   115 | D:4      | Reached XP level 3. HP: 30/34 MP: 3/3
   121 | D:4      | Got a dazzling quarterstaff
   122 | D:4      | Identified the cursed +2 quarterstaff of Rubbish {venom,
                  | Fragile rN+ Will+ Dex+3} (You found it on level 4 of the
                  | Dungeon)
   157 | D:4      | Reached XP level 4. HP: 15/42 MP: 4/4
   492 | D:5      | Noticed Duvessa
   492 | D:5      | Noticed Dowan
   492 | D:5      | Noticed an ogre
   493 | D:5      | NO
   515 | D:4      | Reached XP level 5. HP: 48/49 MP: 5/5
   533 | D:4      | Noticed Menkaure
   713 | D:3      | Reached skill level 5 in Long Blades
   724 | D:3      | Noticed Terence
   729 | D:3      | Killed Terence
   730 | D:3      | Reached XP level 6. HP: 39/56 MP: 6/6
  1588 | D:2      | Found a sparkling altar of Nemelex Xobeh.
  1674 | D:2      | Found a hide-covered altar of Uskayaw.
  2240 | D:2      | Reached skill level 1 in Spellcasting
  3030 | D:3      | Found a glowing golden altar of the Shining One.
  3051 | D:3      | Found a runed translucent door.
  3182 | D:3      | Found a blossoming altar of Fedhas.
  3182 | D:3      | Found a basalt altar of Yredelemnul.
  3187 | D:3      | Found a shimmering blue altar of Sif Muna.
  3193 | D:3      | Found a broken altar of Ashenzari.
  3280 | D:3      | Found a shadowy altar of Dithmenos.
  3299 | D:3      | Found a transporter.
  3307 | D:3      | Found a transporter.
  3307 | D:3      | Noticed an orc warrior
  3317 | D:3      | Found an ornate altar of the Wu Jian Council.
  3376 | D:3      | Reached XP level 7. HP: 62/62 MP: 9/9
  3591 | D:3      | Noticed ew1980's ghost (amateur DrTm)
  3597 | D:4      | Noticed Eustachio
  3663 | D:3      | HP: 2/62 [white imp/puff of frost[Eustachio] (7)]
  3668 | D:3      | Killed from afar by a white imp

Illustrated notes

## #### ..
..# .# #.#
.# #<# ##.##
#.# #@..#
#>#
#$.........#
#.#
#[####...#.#
#.# ##.## ee
..# .# # ...
.. ...# ##
#.## #.


Turn 493 on D:5: NO

Levels and vault maps discovered:
D:1:      dpeg_arrival_solitude, layout_rooms, minmay_misc_feat_doors
D:2:      layout_basic, nemelex_altar_shiori, lemuel_round_altar,
          minmay_ruptured
D:3:      layout_basic, gammafunk_temple_overflow_arena, grunt_dithmenos_smoke,
          grunt_temple_overflow_cloverleaf, ebering_ghost_reflecting_pool,
          tso_metal_star, uniq_terence
D:4:      cheibrodos_old_hovel, layout_basic,
          minmay_temple_entry_gardened_gates, ebering_ghost_sewer_d,
          feat_on_display, uniq_grinder, uniq_eustachio, uniq_menkaure
D:5:      layout_loops_ring, uniq_duvessa, uniq_pikel

Skill      XL: |  1  2  3  4  5  6 |
---------------+-------------------+-----
Long Blades    | 1 3 4 5 6 |  6.4
Spellcasting   | 1 |  1.9
Fighting       | |  3.0
Maces & Flails | |  2.0
Dodging        | |  1.5
Stealth        | |  7.4

Action                   |  1- 3 |  4- 6 |  7- 9 || total
-------------------------+-------+-------+-------++-------
Melee: Scimitar          |     5 |    92 |    18 ||   115
       Quarterstaff      |     6 |    63 |       ||    69
 Abil: Spit Poison       |     3 |    19 |     1 ||    23
Evoke: Wand              |     2 |     1 |     1 ||     4
  Use: Scroll            |       |     5 |     1 ||     6
       Potion            |       |       |     4 ||     4
 Stab: Paralysed         |     4 |     2 |     1 ||     7
       Distracted        |       |     1 |       ||     1
       Sleeping          |       |    10 |     1 ||    11
Armor: Leather armour    |       |    49 |    24 ||    73
Dodge: Dodged            |     3 |   134 |    31 ||   168
       Rpst.: Scimitar   |       |    20 |     9 ||    29
